[Event "5th Cesme Open 2017"]
[Site "Cesme"]
[Date "2017.06.14"]
[Round "5.10"]
[White "Rzayev, Bahruz"]
[Black "Severcan, Sedat Sabri"]
[Result "1/2-1/2"]
[ECO "B40"]
[WhiteElo "2392"]
[BlackElo "1915"]
[Annotator "ChessBase"]
[PlyCount "99"]
[EventType "swiss"]
[EventCountry "TUR"]
[SourceTitle "playchess.com"]
[Source "ChessBase"]
[SourceQuality "1"]
[TimeControl "5400+30"]

1. e4 e6 2. b3 d5 3. Bb2 c5 4. exd5 exd5 5. Nf3 Nf6 6. d4 Be7 7. Be2 O-O 8. O-O Nc6 9. Nc3 Bg4 10. dxc5 Bxc5 11. Na4 Be7 12. Nd4 Bd7 13. Bf3 Rc8 14. Nc3 Nxd4 15. Qxd4 Bc5 16. Qd3 Bc6 17. Rad1 Bb6 18. Ne2 Bc7 19. Nd4 Qd6 20. g3 Bd7 21. Nb5 Bxb5 22. Qxb5 Qc6 23. Qd3 Bb6 24. Bxf6 Qxf6 25. Bxd5 Rc3 26. Qe2 Rc7 27. Rd3 Re7 28. Qd2 g6 29. c4 Rfe8 30. Rf3 Qd4 31. Qg5 Kg7 32. b4 f6 33. Qc1 a5 34. a3 axb4 35. axb4 Ba7 36. Rf4 Qe5 37. Rd1 g5 38. Rf3 h5 39. Kg2 g4 40. Rf4 Qg5 41. Qb1 Re2 42. Bxb7 h4 43. Bc8 h3+ 44. Kf1 Qxf4 45. Rd7+ Kf8 46. Rf7+ Kxf7 47. Qh7+ Kf8 48. Qh8+ Kf7 49. Qh7+ Kf8 50. Qh8+ 1/2-1/2

[Event "5th Cesme Open 2017"]
[Site "Cesme"]
[Date "2017.06.14"]
[Round "5.11"]
[White "Seyhanoglu, Deniz"]
[Black "Guseynov, Alihan"]
[Result "0-1"]
[ECO "A36"]
[WhiteElo "2043"]
[BlackElo "2346"]
[Annotator "NA"]
[PlyCount "54"]
[EventType "swiss"]
[EventCountry "TUR"]
[SourceTitle "playchess.com"]
[Source "ChessBase"]
[SourceQuality "1"]
[TimeControl "5400+30"]

1. c4 g6 2. g3 Bg7 3. Bg2 c5 4. e3 Nc6 5. Ne2 e5 6. Nbc3 Nge7 7. O-O O-O 8. a3 a5 {[%emt 0:02:30] A36: Symmetrical English vs ...g6: 4 Bg2 Bg7} 9. Nd5 (9. d3 d6 10. Rb1 Rb8 11. Nd5 Nxd5 12. cxd5 Ne7 13. b4 cxb4 14. axb4 b5 15. bxa5 Qxa5 16. Bd2 b4 17. Qb3 Bg4 18. Nc1 Rb6 19. Na2 Be2 {1-0 (57) Nakamura,H (2779)-Dominguez Perez,L (2739) Doha 2016}) 9... d6 10. Nec3 Nxd5 11. Nxd5 Be6 $146 ({Predecessor:} 11... a4 12. d3 Bd7 13. Nc3 Na5 14. Nxa4 Nxc4 15. Nxc5 Nxb2 16. Bxb2 dxc5 {0-1 (54) Moor,R (2367)-Ekstroem,R (2491) Scuol 2001}) 12. d3 Ne7 13. Rb1 Nxd5 14. cxd5 Bd7 15. b4 cxb4 16. axb4 a4 17. b5 (17. Re1 $17) 17... a3 18. Qb3 (18. Rb3 $142 a2 19. Bb2) 18... a2 19. Ra1 Qa5 20. b6 Rfc8 21. Bb2 Qb5 22. Qxb5 Bxb5 23. Rfc1 Rxc1+ 24. Rxc1 Bxd3 25. e4 Bh6 26. Rd1 Bc2 $19 27. Rf1 Ra6 0-1

[Event "5th Cesme Open 2017"]
[Site "Cesme"]
[Date "2017.06.14"]
[Round "5.12"]
[White "Kara, Yanki"]
[Black "Lomsadze, Davit"]
[Result "0-1"]
[ECO "A05"]
[WhiteElo "1946"]
[BlackElo "2341"]
[Annotator "ChessBase"]
[PlyCount "63"]
[EventType "swiss"]
[EventCountry "TUR"]
[SourceTitle "playchess.com"]
[Source "ChessBase"]
[SourceQuality "1"]
[TimeControl "5400+30"]

1. Nf3 Nf6 2. g3 b5 3. Bg2 Bb7 4. Na3 a6 5. c4 c6 6. O-O e6 7. b3 Be7 8. Bb2 O-O 9. d4 d6 10. Qd3 Nbd7 11. e4 e5 12. Rfe1 Re8 13. Rad1 Bf8 14. dxe5 dxe5 15. Nb1 Qb6 16. Bh3 Rad8 17. Qc2 h5 18. Bf1 Ng4 19. Re2 b4 20. h3 Ngf6 21. Red2 c5 22. Ng5 Qc7 23. h4 Ra8 24. f3 Nb8 25. Bh3 Bc8 26. a3 a5 27. a4 Nc6 28. Re2 Nd4 29. Bxd4 cxd4 30. Kg2 Nd7 31. Bxd7 Qxd7 32. Rh1 0-1

[Event "5th Cesme Open 2017"]
[Site "Cesme"]
[Date "2017.06.14"]
[Round "5.13"]
[White "Erece, Ece Alkim"]
[Black "Sevgi, Volkan"]
[Result "0-1"]
[ECO "B15"]
[WhiteElo "1753"]
[BlackElo "2192"]
[Annotator "NA"]
[PlyCount "70"]
[EventType "swiss"]
[EventCountry "TUR"]
[SourceTitle "playchess.com"]
[Source "ChessBase"]
[SourceQuality "1"]
[TimeControl "5400+30"]

1. e4 c6 2. d4 g6 3. Nc3 d5 4. h3 Bg7 5. Nf3 Nh6 6. Bd3 O-O {[%emt 0:05:30] B15: Caro-Kann: 3 Nc3: 3...g6 and 3...dxe4 4 Nxe4 Nf6 5 Nxf6+ exf6} (6... f6 7. O-O Nf7 8. Ne2 O-O 9. Ng3 e5 10. dxe5 fxe5 11. c3 Na6 12. Bc2 Nc7 13. Be3 b6 14. a4 Ne6 {1-0 (54) Ortiz Suarez,I (2601)-Ipatov,A (2625) Panama City 2013}) 7. Qe2 dxe4 {[%emt 0:03:30] LiveBook: 7 Games} 8. Nxe4 Nf5 9. c3 Qc7 {[%emt 0:02:30] [#]} 10. O-O ({White should play} 10. h4 $1 $16) 10... Nd7 11. a4 $146 ({Predecessor:} 11. Re1 Nb6 12. Nc5 Re8 13. Bxf5 Bxf5 14. g4 Bc8 15. Qe4 Nd5 16. Ne5 {1-0 (48) Nikolovski,N (1978)-Romcovici,V (2152) Veliko Tarnovo 2013}) 11... a5 12. Re1 b6 13. Bg5 (13. g4 $16 Nd6 14. Bf4) 13... f6 14. Bd2 e5 (14... Kh8 $16 {was called for.}) 15. Bc4+ Kh8 16. g4 (16. dxe5 $142 Nxe5 17. Bf4) 16... Nd6 17. Nxd6 Qxd6 18. dxe5 fxe5 ({Better is} 18... Nxe5 19. Bf4 Be6 20. Bxe6 (20. Nxe5 fxe5 21. Bxe5 Bxe5 $14) 20... Qxe6) 19. Ng5 Bb7 (19... Nc5 $16 {was worth a try.} 20. Be3 Qe7) 20. Ne4 (20. Rad1 $18) 20... Qc7 21. Rad1 Nf6 22. Bg5 Nd5 $1 23. Qd2 Rf7 24. Bh6 Raf8 25. Bxg7+ Kxg7 26. g5 Qe7 27. Bxd5 cxd5 28. Nf6 h6 29. h4 hxg5 30. hxg5 Rh8 31. Ng4 $2 {[%emt 0:05:55] [#]} (31. Qe2 $1 $11) 31... d4 $1 32. Nh6 {[%emt 0:00:18] [#]} Rxh6 $1 33. gxh6+ Kh7 $19 34. f4 Qh4 35. Rxe5 Qg3+ 0-1

[Event "5th Cesme Open 2017"]
[Site "Cesme"]
[Date "2017.06.14"]
[Round "5.19"]
[White "Gokerkan, Cem Kaan"]
[Black "Nalbant, Tuna Onat"]
[Result "1-0"]
[ECO "B20"]
[WhiteElo "2333"]
[BlackElo "1993"]
[Annotator "ChessBase"]
[PlyCount "109"]
[EventType "swiss"]
[EventCountry "TUR"]
[SourceTitle "playchess.com"]
[Source "ChessBase"]
[SourceQuality "1"]
[TimeControl "5400+30"]

1. e4 c5 2. Ne2 d6 3. g3 Nc6 4. Bg2 g6 5. c3 Bg7 6. d4 e5 7. dxc5 dxc5 8. Qxd8+ Kxd8 9. Na3 b6 10. Nc4 Ba6 11. Ne3 Nge7 12. Ng1 Kc7 13. Nd5+ Kd6 14. Nxe7 Kxe7 15. Nf3 Rhd8 16. Be3 Rd6 17. Bf1 Bxf1 18. Rxf1 Rad8 19. Nd2 Na5 20. O-O-O f5 21. Rde1 R8d7 22. f4 Rd3 23. exf5 gxf5 24. fxe5 Rxe3 25. Rxe3 Bh6 26. Rf4 Ke6 27. Kc2 Rg7 28. Re2 Bxf4 29. gxf4 Rg4 30. Rf2 Kd5 31. Kd3 c4+ 32. Ke3 Nb7 33. b4 a5 34. Nf3 axb4 35. Rd2+ Kc5 36. cxb4+ Kxb4 37. Rb2+ Ka5 38. Nd2 c3 39. Nc4+ Ka6 40. Rxb6+ Ka7 41. Rb3 c2 42. Rc3 Rg2 43. Nd2 Rxh2 44. Rxc2 Nd8 45. Rc8 Ne6 46. Re8 Rh3+ 47. Nf3 Nc5 48. e6 Rh6 49. Nd4 Kb7 50. e7 Rh3+ 51. Nf3 Rh6 52. Rb8+ Kxb8 53. e8=Q+ Kc7 54. Qe5+ Kb6 55. Qxf5 1-0

[Event "5th Cesme Open 2017"]
[Site "Cesme"]
[Date "2017.06.14"]
[Round "5.20"]
[White "Aydincelebi, Kagan"]
[Black "Ozen, Bahadir"]
[Result "0-1"]
[ECO "B06"]
[WhiteElo "1992"]
[BlackElo "2332"]
[Annotator "NA"]
[PlyCount "124"]
[EventType "swiss"]
[EventCountry "TUR"]
[SourceTitle "playchess.com"]
[Source "ChessBase"]
[SourceQuality "1"]
[TimeControl "5400+30"]

1. e4 g6 2. d4 Bg7 3. Nc3 d6 4. f4 a6 5. Nf3 {[%emt 0:01:00] LiveBook: 915 Games} b5 6. Bd3 Nd7 7. e5 c5 {[%emt 0:04:00] B06: Modern Defence} 8. Be4 Rb8 9. dxc5 (9. Be3 cxd4 10. Bxd4 dxe5 11. fxe5 e6 12. O-O Ne7 13. Qe1 O-O 14. a4 b4 15. Ne2 {0-1 (49) Anand,V (2793)-Caruana,F (2829) London 2014}) 9... Nxc5 10. Bc6+ Bd7 11. Bxd7+ Qxd7 12. Be3 Nh6 $146 (12... Na4 $11 {remains equal.}) ({Predecessor:} 12... Rc8 13. Qd2 dxe5 14. fxe5 Qxd2+ 15. Kxd2 {0-1 (35) Plaskett,H (2483)-Solovjov,S (2436) playchess.com INT 2003}) 13. Qd2 (13. Bxc5 $1 $14 dxc5 14. Qxd7+ Kxd7 15. O-O-O+ Kc6 16. Rhe1) 13... Ne6 (13... Na4 $15 14. O-O-O Nxc3 15. Qxc3 O-O) 14. O-O-O O-O 15. h3 Qb7 16. Nd5 {[%emt 0:12:30] [#]} dxe5 $1 17. fxe5 Nf5 18. g4 Nxe3 19. Qxe3 Rfd8 20. Nc3 b4 21. Ne2 Rd5 22. Kb1 Rbd8 23. Rxd5 Qxd5 24. Re1 a5 25. Nc1 a4 26. Re2 Qd1 27. Re1 Qd5 28. Re2 Qb5 $142 29. h4 (29. Re1 a3) 29... Qc4 ({Better is} 29... a3 $17 30. Rd2 Rxd2 31. Qxd2 axb2 32. Kxb2 Bxe5+ 33. Nxe5 Qxe5+ 34. Kb1 Qe4) 30. Qe4 Qb5 31. g5 Rd1 32. Re1 Rxe1 33. Qxe1 Qc4 34. Qe3 Qf1 35. Qe2 Qh1 36. Qe3 {[%emt 0:00:34] [#]} h6 $1 37. a3 hxg5 (37... bxa3 ) 38. hxg5 bxa3 39. bxa3 Qg2 40. Nd3 Qg4 41. Nb2 {[%emt 0:02:08] [#]} Nxg5 $1 42. Qxg5 Qxf3 43. Qxe7 Qh1+ 44. Ka2 Qd5+ 45. c4 Qxe5 46. Qxe5 Bxe5 47. Nxa4 g5 48. Nc5 g4 49. Nd3 Bc7 (49... Bd6 $19 50. a4 g3) 50. Kb2 $2 (50. Kb3 $11 {and White has nothing to worry.}) 50... f5 51. Kc2 Kf7 52. Kd2 Kf6 53. Ke2 f4 54. c5 Kg5 55. a4 (55. Kf1 $142 Kf5 56. c6) 55... Kf5 56. Nf2 f3+ 57. Kf1 g3 58. Nd3 $19 Ke4 59. Ne1 Ba5 60. Nc2 Kd3 61. Na3 Bd2 62. c6 Be3 0-1

[Event "5th Cesme Open 2017"]
[Site "Cesme"]
[Date "2017.06.14"]
[Round "5.21"]
[White "Ersoy, Bora"]
[Black "Safarli, Aykhan"]
[Result "1-0"]
[ECO "D85"]
[WhiteElo "1675"]
[BlackElo "1595"]
[Annotator "NA RC"]
[PlyCount "155"]
[EventType "swiss"]
[EventCountry "TUR"]
[SourceTitle "playchess.com"]
[Source "ChessBase"]
[SourceQuality "1"]
[TimeControl "5400+30"]

1. d4 d5 2. c4 Nf6 3. cxd5 g6 4. Nc3 Nxd5 5. e4 Nxc3 6. bxc3 Bg7 7. Bc4 O-O 8. Ne2 c5 9. O-O cxd4 10. cxd4 Nc6 11. Be3 Na5 12. Bb3 b5 13. Bd5 Bb7 14. Bxb7 Nxb7 15. Rb1 a6 16. a4 Nd6 17. e5 Nc4 18. axb5 Na3 19. Ra1 Nxb5 20. Qb3 Qd7 21. Ra5 Rfb8 22. Qa4 Qb7 23. Ra1 e6 24. h3 Nc7 25. Nf4 Bh6 26. Nd5 Nxd5 27. Bxh6 Nc3 28. Qc2 Qb4 29. Rc5 Rc8 30. Rxa6 Rab8 31. Rac6 Rxc6 32. Rxc6 Qb1+ 33. Qxb1 Nxb1 34. Bc1 Kg7 35. Rc7 Kf8 36. g3 Ke8 37. Kg2 Rb4 38. Bg5 Rb8 39. Be7 Nc3 40. Bd6 Nd5 41. Rxf7 Kxf7 42. Bxb8 Nb4 43. Bd6 Nd5 44. Kf3 h6 45. h4 Ke8 46. g4 Kf7 47. h5 g5 48. Ba3 Nc7 49. Ke4 Nd5 50. Bc1 Nc3+ 51. Kf3 Nd5 52. Kg3 Nc3 53. Be3 Kg7 54. f4 gxf4+ 55. Kxf4 Nd5+ 56. Kf3 Ne7 57. g5 hxg5 58. Bxg5 Nf5 59. Be3 Ne7 60. Ke4 Nd5 61. Kd3 Kf7 62. Bg5 Nb6 63. Kc3 Ke8 64. Kb4 Nd5+ 65. Kc5 Nc3 66. Bf6 Ne4+ 67. Kc6 Kf7 68. Kd7 Ng3 69. h6 Kg6 70. Kxe6 Nf5 71. h7 Nxd4+ 72. Kd5 Kxh7 73. Kxd4 Kg8 74. Bh4 Kf7 75. Be1 Ke6 76. Ke4 Ke7 77. Kf5 Kf7 78. e6+ 1-0

[Event "5th Cesme Open 2017"]
[Site "Cesme"]
[Date "2017.06.14"]
[Round "5.22"]
[White "Sayar, Bora"]
[Black "Rahmani, Jamshid"]
[Result "0-1"]
[ECO "A46"]
[WhiteElo "1214"]
[BlackElo "1692"]
[Annotator "NA"]
[PlyCount "154"]
[EventType "swiss"]
[EventCountry "TUR"]
[SourceTitle "playchess.com"]
[Source "ChessBase"]
[SourceQuality "1"]
[TimeControl "5400+30"]

1. d4 Nf6 2. Bg5 e6 3. e4 h6 4. Bxf6 Qxf6 5. Nf3 Nc6 6. c3 d5 7. e5 Qg6 8. Qd3 Qxd3 9. Bxd3 Bd7 10. Nbd2 Be7 11. Rc1 O-O 12. O-O a6 13. a4 b5 14. axb5 axb5 15. Bxb5 Nxe5 16. Bxd7 Nxd7 17. Ra1 c5 18. Nb3 cxd4 19. Nbxd4 Bf6 20. h3 Nc5 21. Rfd1 Rfb8 22. b4 Ne4 23. Rxa8 Rxa8 24. Rc1 Rc8 25. b5 Rb8 26. Kf1 Nd6 27. Rb1 e5 28. Nc6 Rxb5 29. Rxb5 Nxb5 30. Ncxe5 Nxc3 31. Ke1 Kf8 32. Nd7+ Ke7 33. Nxf6 Kxf6 34. Kd2 Ne4+ 35. Ke3 Ke6 36. Nd4+ Ke5 37. f4+ Kf6 38. Nb5 g5 39. Nc7 gxf4+ 40. Kxf4 Nc3 41. Ke3 Ke5 42. Na6 d4+ 43. Kd3 Nd5 44. g3 f5 45. h4 f4 46. gxf4+ Nxf4+ 47. Kd2 Kf5 48. Nc5 Kg4 49. Nb3 Ne6 50. Ke2 Kxh4 51. Kf2 Kg4 52. Kg2 Nf4+ 53. Kh2 d3 54. Kg1 Kf3 55. Kh1 Ke3 56. Kh2 h5 57. Kg3 Ne2+ 58. Kh4 Nd4 59. Na5 Kd2 60. Nc4+ Kc3 61. Ne3 d2 62. Nd1+ Kc2 63. Nf2 Ne2 64. Kxh5 Nf4+ 65. Kh4 Nd3 66. Ng4 Kc1 67. Ne3 Ne1 68. Kg3 Nc2 69. Nxc2 Kxc2 70. Kf2 d1=Q 71. Ke3 Qd5 72. Kf2 Qe4 73. Kg1 Qf3 74. Kh2 Qg4 75. Kh1 Kd2 76. Kh2 Ke2 77. Kh1 Kf2 0-1

[Event "5th Cesme Open 2017"]
[Site "Cesme"]
[Date "2017.06.14"]
[Round "5.23"]
[White "Bozkurt, Serkan"]
[Black "Barik, Ertunc Bahadir"]
[Result "0-1"]
[ECO "B06"]
[WhiteElo "1589"]
[BlackElo "1538"]
[Annotator "NA"]
[PlyCount "34"]
[EventType "swiss"]
[EventCountry "TUR"]
[SourceTitle "playchess.com"]
[Source "ChessBase"]
[SourceQuality "1"]
[TimeControl "5400+30"]

1. d4 g6 2. Nf3 Bg7 3. e4 d6 4. Be2 Nd7 5. c3 e5 6. Qc2 Ngf6 7. Be3 O-O 8. h3 h6 9. Nbd2 Nh7 10. Qb3 Kh8 11. Nc4 f5 12. exf5 gxf5 13. g3 f4 14. Bd2 b5 15. Nh4 Qf6 16. Bd3 bxc4 17. Ng6+ Qxg6 0-1

[Event "5th Cesme Open 2017"]
[Site "Cesme"]
[Date "2017.06.14"]
[Round "5.24"]
[White "Yenice, Yusuf Erkan"]
[Black "Ekici, Caner"]
[Result "1/2-1/2"]
[ECO "B52"]
[WhiteElo "1500"]
[BlackElo "1681"]
[Annotator "NA RC"]
[PlyCount "171"]
[EventType "swiss"]
[EventCountry "TUR"]
[SourceTitle "playchess.com"]
[Source "ChessBase"]
[SourceQuality "1"]
[TimeControl "5400+30"]

1. e4 c5 2. Nf3 d6 3. Bb5+ Bd7 4. Bxd7+ Nxd7 5. O-O Ngf6 6. Qe2 g6 7. c3 Bg7 8. d4 O-O 9. Rd1 Qc7 10. e5 dxe5 11. dxe5 Ne8 12. e6 Ne5 13. Nxe5 Bxe5 14. Rd7 Qb8 15. Bh6 Ng7 16. Rxe7 fxe6 17. Bxg7 Bxg7 18. Qxe6+ Kh8 19. Na3 b6 20. g3 Rf6 21. Qd7 Qg8 22. Rae1 Bf8 23. Re8 Rd6 24. Qxd6 Rxe8 25. Rxe8 Bxd6 26. Rxg8+ Kxg8 27. Nb5 Bb8 28. c4 Kf7 29. f4 Ke6 30. Kf2 Kf5 31. Kf3 h5 32. h3 g5 33. g4+ hxg4+ 34. hxg4+ Kf6 35. f5 Ke5 36. Ke3 a6 37. Nc3 Bd6 38. a4 Bc7 39. Ne4 Bd8 40. Nf2 Bf6 41. Nd3+ Kd6 42. Ke4 Kc6 43. b3 Kd6 44. Ne1 Kc6 45. Nc2 b5 46. axb5+ axb5 47. Ne3 bxc4 48. bxc4 Kd6 49. Nd5 Bb2 50. Ne3 Bf6 51. Nf1 Kc6 52. Ne3 Kd6 53. Nd5 Bb2 54. Ne3 Bf6 55. Nf1 Kc6 56. Ng3 Kd6 57. Nh5 Bb2 58. Ng3 Bf6 59. Kd3 Ke5 60. Ne4 Be7 61. Ke3 Bf8 62. f6 Bh6 63. Nxc5 Kxf6 64. Ke4 Bg7 65. Kd5 Ke7 66. Ne6 Bf6 67. c5 Kd7 68. c6+ Ke7 69. Nc5 Kd8 70. Kd6 Be7+ 71. Kd5 Bf6 72. Na6 Bb2 73. Ke6 Ba3 74. Kf5 Bc1 75. Ke6 Ba3 76. Kd5 Bb2 77. Nc5 Bf6 78. Ne6+ Ke7 79. Nc5 Kd8 80. Na6 Bb2 81. Kc5 Kc8 82. Kd6 Ba3+ 83. Ke6 Bb2 84. Ke7 Ba3+ 85. Ke8 Bd6 86. Kf7 1/2-1/2